 Dungeon Crawl Stone Soup version 0.19.0-1-g5985abe (webtiles) character file.

380 lorenzova the Magician (level 6, -3/32 HPs)
             Began as a Deep Elf Conjurer on Nov 2, 2016.
             Slain by Sigmund
             ... wielding a +2 scythe of flaming
              (12 damage)
             ... on level 3 of the Dungeon.
             The game lasted 00:04:56 (2987 turns).

lorenzova the Magician (Deep Elf Conjurer)          Turns: 2987, Time: 00:04:56

Health: -3/32      AC:  2    Str:  5    XL:     6   Next: 46%
Magic:  6/18       EV: 13    Int: 22    God:
Gold:   191        SH:  0    Dex: 15    Spells: 2 memorised, 14 levels left

rFire  . . .     SeeInvis .     m - +2 rapier (venom)
rCold  . . .     Gourm    .     a - +0 robe
rNeg   . . .     Faith    .     (no shield)
rPois  .         Spirit   .     (no helmet)
rElec  .         Reflect  .     (no cloak)
rCorr  .         Harm     .     (no gloves)
MR     .....                    (no boots)
Stlth  ++........               (no amulet)
                                (no ring)
                                (no ring)

@: no status effects
A: no striking features
a: no special abilities


You were on level 3 of the Dungeon.
You were not hungry.

You visited 1 branch of the dungeon, and saw 3 of its levels.

You collected 191 gold pieces.

Inventory:

Hand Weapons
 m - a +2 rapier of venom (weapon)
Armour
 a - a +0 robe (worn)
Wands
 n - a wand of digging (3/24)
Scrolls
 d - 5 scrolls of identify {unknown}
 e - 3 scrolls of remove curse {unknown}
 g - 2 scrolls of enchant weapon {unknown}
 h - 2 scrolls of enchant armour {unknown}
 j - 2 scrolls of teleportation {unknown}
 l - a scroll of random uselessness {unknown}
Potions
 i - a potion of brilliance {unknown}
 k - a potion of heal wounds {unknown}
 o - a potion of invisibility {unknown}
Books
 b - a book of Conjurations

   Spells                             Type                      Level
   a - Magic Dart                     Conjuration                  1
   b - Searing Ray                    Conjuration                  2
   c - Dazzling Spray                 Conjuration/Hexes            3
   d - Fulminant Prism                Conjuration/Hexes            4
   e - Iskenderun's Mystic Blast      Conjuration                  4
   f - Iskenderun's Battlesphere      Conjuration/Charms           5
Comestibles
 c - 2 bread rations


   Skills:
 - Level 2.4 Dodging
 - Level 2.4 Stealth
 + Level 7.0 Spellcasting
 + Level 6.7 Conjurations


You had 14 spell levels left.
You knew the following spells:

 Your Spells              Type           Power        Failure   Level  Hunger
a - Magic Dart            Conj           ####         1%          1    None
c - Iskenderun's Mystic   Conj           #####...     8%          4    ###....


Dungeon Overview and Level Annotations

Branches:
Dungeon (3/15)

Altars:

Annotations:
D:3 Sigmund


Message History

You bump into the rock wall.
Sigmund closely misses you.
You bump into the rock wall.
Sigmund barely misses you.
You closely miss Sigmund.
Sigmund is severely wounded.
Sigmund gestures at you while chanting. The puff of flame hits you!
You hit Sigmund.
Sigmund is poisoned.
Sigmund is severely wounded.
Sigmund mumbles some strange words.
Sigmund flickers and vanishes!
Deactivating autopickup; reactivate with Ctrl-A.
A magic dart appears from out of thin air!
The magic dart hits you!
You feel less confused. Something hits you. Something burns you.
You miss something. Something hits you. Something burns you.
* * * LOW HITPOINT WARNING * * *
Unknown command.
You closely miss something. Something hits you!
You die...

### ##.#
#.# #.#
#.# .#
#.##.###.#
##
#........#
####.###.#
#.# #.#
#.#
#.########
#.#
#..{..!...
#.#
#.@#######
........#
...####.#
. ..# ###


There were no monsters in sight!

Vanquished Creatures
  Grinder (D:3)
  A centaur (D:3)
  Robin (D:3)
  3 adders
  An ooze (D:3)
  3 dart slugs
  2 leopard geckos
  3 orcs (D:3)
  2 ball pythons
  2 giant cockroaches (D:2)
  10 goblins
  10 hobgoblins
  5 jackals
  A quokka (D:2)
  6 bats
  3 frilled lizards
  3 kobolds
  6 rats
63 creatures vanquished.

Notes
Turn   | Place    | Note
-------+----------+-------------------------------------------
     0 | D:1      | lorenzova the Deep Elf Conjurer began the quest for the Orb.
     0 | D:1      | Reached XP level 1. HP: 10/10 MP: 6/6
   385 | D:1      | Reached XP level 2. HP: 12/15 MP: 2/8
  1071 | D:2      | Reached skill level 4 in Spellcasting
  1076 | D:2      | Reached XP level 3. HP: 9/19 MP: 0/10
  1277 | D:2      | Reached skill level 5 in Conjurations
  2129 | D:3      | Reached XP level 4. HP: 24/24 MP: 1/12
  2178 | D:3      | Noticed Robin
  2213 | D:3      | Killed Robin
  2213 | D:3      | Reached skill level 5 in Spellcasting
  2339 | D:3      | Learned a level 4 spell: Iskenderun's Mystic Blast
  2593 | D:3      | Noticed a centaur
  2599 | D:3      | Killed a centaur
  2599 | D:3      | Reached skill level 6 in Spellcasting
  2599 | D:3      | Reached XP level 5. HP: 9/28 MP: 4/15
  2639 | D:3      | Noticed Grinder
  2780 | D:3      | Killed Grinder
  2780 | D:3      | Reached skill level 7 in Spellcasting
  2780 | D:3      | Reached XP level 6. HP: 29/32 MP: 2/18
  2973 | D:3      | Noticed Sigmund
  2987 | D:3      | Slain by Sigmund

Skill      XL: |  1  2  3  4  5 |
---------------+----------------+-----
Spellcasting   | 4 6 7 |  7.0
Conjurations   | 5 6 |  6.7
Dodging        | |  2.4
Stealth        | |  2.4

Action                   |  1- 3 |  4- 6 || total
-------------------------+-------+-------++-------
Melee: Unarmed           |     6 |       ||     6
       Rapier            |     2 |     9 ||    11
 Cast: Magic Dart        |    81 |    46 ||   127
       Iskenderun's Myst |       |     6 ||     6
  Eat: Chunk             |     3 |     1 ||     4
       Meat ration       |       |     1 ||     1
Armor: Robe              |     4 |     1 ||     5
Dodge: Dodged            |     9 |    19 ||    28
